 Dungeon Crawl Stone Soup version 0.24-b1 (webtiles) character file.

Game seed: 12517859303774361306, levelgen mode: deterministic

12270 CryoSword the Carver (level 11, -2/91 HPs)
             Began as a Demonspawn Fighter on Oct 13, 2019.
             Was a High Priest of Okawaru.
             Slain by a skeletal warrior
             ... wielding a +0 trident
             ... led by a skeletal warrior
              (19 damage)
             ... on level 11 of the Dungeon.
             The game lasted 00:35:04 (11109 turns).

CryoSword the Carver (Demonspawn Fighter)          Turns: 11109, Time: 00:35:05

Health: -2/91      AC: 13    Str: 17    XL:     11   Next: 60%
Magic:  15/15      EV: 19    Int: 11    God:    Okawaru [*****.]
Gold:   215        SH:  0    Dex: 14    Spells: 10/10 levels left

rFire    . . .     SeeInvis +   s - +9 great sword (vamp) {!w}
rCold    . . .     Gourm    .   (shield currently unavailable)
rNeg     . . .     Faith    .   i - +0 steam dragon scales
rPois    .         Spirit   .   (helmet restricted)
rElec    .         Reflect  .   n - +2 cloak
rCorr    .         Harm     .   l - +1 pair of gloves
MR       .....                  (no boots)
Stlth    +++++.....             M - amulet of regeneration
HPRegen  0.65/turn              F - ring of see invisible
MPRegen  0.14/turn              I - +5 ring of evasion

@: no status effects
A: antennae 1, rugged brown scales 2, nightstalker 2, spiny 1
a: Heroism, Finesse, Renounce Religion


You were on level 11 of the Dungeon.
You worshipped Okawaru.
Okawaru was extremely pleased with you.
You were not hungry.

You visited 2 branches of the dungeon, and saw 12 of its levels.

You collected 644 gold pieces.
You spent 429 gold pieces at shops.

Inventory:

Hand Weapons
 s - a +9 vampiric great sword (weapon) {!w}
   (You acquired it on level 9 of the Dungeon)
Missiles
 u - 21 poisoned darts (quivered)
 K - 2 throwing nets {!f}
Armour
 c - a +0 shield
 i - +0 steam dragon scales (worn)
   (You found it on level 10 of the Dungeon)
 l - a +1 pair of gloves (worn)
   (You found it on level 1 of the Dungeon)
 n - a +2 cloak (worn)
   (You found it on level 3 of the Dungeon)
Jewellery
 d - an uncursed ring of stealth
   (You found it on level 10 of the Dungeon)
 F - a ring of see invisible (left hand)
   (You found it on level 10 of the Dungeon)
 I - a +5 ring of evasion (right hand)
   (You found it on level 8 of the Dungeon)
 J - an uncursed ring of fire
   (You took it off a crimson imp on level 8 of the Dungeon)
 M - an amulet of regeneration (around neck)
   (You bought it in a shop on level 10 of the Dungeon)
 N - an uncursed ring of poison resistance
   (You found it on level 7 of the Dungeon)
Wands
 o - a wand of random effects (16)
   (You took it off Sigmund on level 5 of the Dungeon)
 w - a wand of iceblast (13)
   (You found it on level 5 of the Dungeon)
 L - a wand of scattershot (4)
   (You found it on level 9 of the Dungeon)
Scrolls
 a - a scroll of random uselessness {unknown}
 e - 3 scrolls of identify {@r1}
 g - 5 scrolls of enchant armour
 p - a scroll of teleportation {@r4}
 y - 3 scrolls of remove curse {@r2}
 E - 2 scrolls of fog
Potions
 h - 4 potions of curing {@q1}
 j - a potion of agility
 k - 4 potions of heal wounds {@q2}
 m - 4 potions of lignification {!q}
 q - 2 potions of mutation {!q}
 v - 2 potions of resistance
 x - a potion of berserk rage {unknown}
 z - 2 potions of haste {@q3}
 A - a potion of might
 C - a potion of brilliance {unknown}
 G - a potion of flight {unknown}
Comestibles
 b - 3 chunks of flesh
 f - 23 rations {!d}


   Skills:
 + Level 8.9 Fighting
 * Level 11.0 Long Blades
 + Level 5.1 Armour
 + Level 4.2 Dodging
 - Level 4.8 Stealth
 - Level 6.8 Shields
 + Level 6.0 Invocations


You had 10 spell levels left.
You didn't know any spells.
Your spell library was empty.

Dungeon Overview and Level Annotations

Branches:
Dungeon (11/15)            Temple (1/1) D:6            Lair (0/6) D:10
    Orc: D:9-12

Altars:
Ashenzari
Cheibriados
Dithmenos
Elyvilon
Fedhas
Gozag
Hepliaklqana
Kikubaaqudgha
Makhleb
Nemelex Xobeh
Okawaru
Qazlal
Ru
Sif Muna
Trog
Uskayaw
Vehumet
Wu Jian
Xom
Yredelemnul
Zin
The Shining One

Shops:
D:5 (   D:7 (   D:8 =   D:10 *

Annotations:
D:2 1 runed translucent door, Crazy Yiuf
D:10 2 transporters, runewalsh's ghost, novice OpWz
D:11 1 runed translucent door


Innate Abilities, Weirdness & Mutations

You have a pair of small antennae on your head.
You are mostly covered in rugged brown scales. (AC +2, +5% HP)
You are significantly more attuned to the shadows.
You are partially covered in sharp spines.


Message History

The bullfrog is moderately wounded.
A skeletal warrior comes into view. It is wielding a +0 flail.
The electric eel shoots out a bolt of lightning at you!
The bolt of electricity misses you. The bullfrog is struck by your spines.
The bullfrog hits you.
You barely miss the bullfrog.
The bullfrog is severely wounded.
The hippogriff completely misses you.
The hippogriff pecks you but does no damage.
The hippogriff claws you but does no damage.
A skeletal warrior comes into view. It is wielding a +0 long sword.
You slice the skeletal warrior!!
The skeletal warrior is moderately damaged.
The skeletal warrior hits you from afar with a +0 trident!
The hippogriff barely misses you.
You riposte.
You barely miss the hippogriff. The hippogriff completely misses you.
The hippogriff misses you. The skeletal warrior misses you.
You slash the bullfrog!
You kill the bullfrog!
Okawaru accepts your kill.
Your Armour skill increases to level 5!
The hippogriff bites you but does no damage.
The hippogriff barely misses you. The hippogriff completely misses you.
The skeletal warrior completely misses you.
The skeletal warrior hits you from afar with a +0 trident!
You barely miss the skeletal warrior.
The skeletal warrior is moderately damaged.
The hippogriff is struck by your spines.
The hippogriff misses you.
You riposte.
You slash the hippogriff!
You feel better.
The hippogriff is heavily wounded.
The hippogriff misses you. The hippogriff completely misses you.
The skeletal warrior hits you with a +0 flail!
The skeletal warrior hits you with a +0 flail!
The skeletal warrior misses you.
There is an open door here.
You are too injured to fight recklessly!
You are too injured to fight recklessly!
You are too injured to fight recklessly!
You are too injured to fight recklessly!
You slash the hippogriff!
The hippogriff is severely wounded.
The hippogriff misses you. The hippogriff pecks you.
The hippogriff claws you but does no damage.
You slash the hippogriff!
You feel better.
The hippogriff is almost dead.
The hippogriff barely misses you.
You riposte.
You barely miss the hippogriff.
The hippogriff is almost dead.
The hippogriff misses you.
The hippogriff claws you but does no damage.
You slash the hippogriff!
You feel better.
You kill the hippogriff!
Okawaru accepts your kill.
You slice the skeletal warrior!!
The skeletal warrior is moderately damaged.
The skeletal warrior completely misses you.
The skeletal warrior hits you from afar with a +0 trident!
You slice the skeletal warrior!!
The skeletal warrior is heavily damaged.
The skeletal warrior hits you but does no damage.
The skeletal warrior hits you but does no damage.
You hit the skeletal warrior but do no damage.
The skeletal warrior is heavily damaged.
The skeletal warrior closely misses you. x2
You riposte.
You slice the skeletal warrior!!
The skeletal warrior is almost destroyed.
You closely miss the skeletal warrior.
The skeletal warrior is almost destroyed.
The skeletal warrior hits you from afar with a +0 trident!
* * * LOW HITPOINT WARNING * * *
The skeletal warrior misses you.
You riposte.
You slash the skeletal warrior!
You destroy the skeletal warrior!
Okawaru is honoured by your kill.
Your Long Blades skill increases to level 11!
Your Invocations skill increases to level 6!
The skeletal warrior hits you from afar with a +0 trident!!
* * * LOW HITPOINT WARNING * * *
The skeletal warrior enters a dispersal trap!
The skeletal warrior blinks! x3
You blink.
The skeletal warrior blinks!
The skeletal warrior misses you. The skeletal warrior barely misses you.
You riposte.
You hit the skeletal warrior.
The skeletal warrior is lightly damaged.
You barely miss the skeletal warrior.
The skeletal warrior is lightly damaged.
The skeletal warrior closely misses you.
You riposte.
You hit the skeletal warrior.
The skeletal warrior is lightly damaged.
You slash the skeletal warrior!
The skeletal warrior is moderately damaged.
The skeletal warrior is struck by your spines.
The skeletal warrior hits you with a +0 trident!
* * * LOW HITPOINT WARNING * * *
You barely miss the skeletal warrior.
The skeletal warrior is moderately damaged.
The skeletal warrior hits you but does no damage.
The skeletal warrior hits you with a +0 trident!!
You die...

####..###
########..#####..##
.÷.......
...................
......... ...
...................
###..### #..
######..####....... #..#
#.. #..# #....... ≈##..#
#..# #..# #....... ≈##>.#
#..#######..###♣♣#⌠...⌠
≈##..#
#....z.........♣h♣##+##
≈##..######.....@........♣
≈#......§...z######..####♣
≈#)...§......# #..#
.†.##..####..# #..#
≈####..# #..# #..# ≈# #..#
..# #..# ≈# #..#
..######..############ ≈#
....
...................... ≈#
....................


You could see 2 skeletal warriors.

Vanquished Creatures
  A two-headed ogre (D:10)
  3 death yaks (D:10)
  A skeletal warrior (D:11)
  An unseen horror (D:11)
  A queen bee (D:11)
  A troll (D:9)
  Prince Ribbit (D:9)
  2 hippogriffs (D:11)
  Sigmund (D:5)
  Grum (D:9)
  A vampire (D:8)
  4 yaks
  A steam dragon (D:10)
  3 hungry ghosts
  Menkaure (D:5)
  Edmund (D:6)
  A water moccasin (D:6)
  A porcupine (D:10)
  A black bear (D:5)
  4 sky beasts
  An ice beast (D:10)
  An orc warrior (D:10)
  2 phantoms (D:11)
  An eye of draining (D:10)
  3 centaurs
  3 wolves (D:9)
  2 ogres
  Blork the orc (D:5)
  The ghost of Xplodonator the Grave Robber, an amateur DENe (D:4)
  8 bullfrogs
  2 wyvern skeletons (D:9)
  4 scorpions
  25 killer bees
  7 wights
  4 crimson imps
  2 quasits
  6 hounds
  8 orc priests
  A bullfrog skeleton (D:4)
  10 orc wizards
  4 centaur skeletons
  2 gnoll shamans
  Terence (D:2)
  7 worker ants
  An iguana (D:7)
  2 hound skeletons
  A hound zombie (D:11)
  A worker ant zombie (D:5)
  10 adders
  8 gnolls
  A howler monkey skeleton (D:8)
  2 river rats
  An adder skeleton (D:5)
  An adder zombie (D:8)
  2 worms
  A dart slug (D:5)
  6 leopard geckos
  34 orcs
  2 ball pythons
  9 giant cockroaches
  8 goblins
  11 hobgoblins
  9 jackals
  6 kobolds
  4 quokkas
  8 bats
  3 frilled lizards
  6 rats
274 creatures vanquished.

Vanquished Creatures (others)
  An orc wizard (D:4)
  3 bushes (D:9)
  11 plants (D:9)
15 creatures vanquished.

Grand Total: 289 creatures vanquished

Notes
Turn   | Place    | Note
-------+----------+-------------------------------------------
     0 | D:1      | CryoSword the Demonspawn Fighter began the quest for the
                  | Orb.
     0 | D:1      | Reached XP level 1. HP: 18/18 MP: 1/1
    73 | D:1      | Reached skill level 2 in Long Blades
   152 | D:1      | Gained mutation: You are partially covered in rugged brown
                  | scales. (AC +1, +3% HP) [demonic ancestry]
   152 | D:1      | Reached XP level 2. HP: 15/24 MP: 2/2
   945 | D:2      | Noticed Terence
   960 | D:1      | Reached XP level 3. HP: 24/29 MP: 3/3
  1020 | D:2      | Killed Terence
  1020 | D:2      | Reached skill level 3 in Long Blades
  1210 | D:2      | Found a hide-covered altar of Uskayaw.
  1332 | D:2      | Gained mutation: You are slightly more attuned to the
                  | shadows. [demonic ancestry]
  1332 | D:2      | Reached XP level 4. HP: 36/36 MP: 4/4
  1384 | D:2      | Found a shadowy altar of Dithmenos.
  1653 | D:2      | Found a runed translucent door.
  1654 | D:2      | Noticed Crazy Yiuf
  2086 | D:3      | Noticed a sky beast
  2157 | D:3      | Killed a sky beast
  2157 | D:3      | Reached skill level 4 in Long Blades
  2157 | D:3      | Reached XP level 5. HP: 22/43 MP: 5/5
  2591 | D:3      | Gained mutation: You are partially covered in sharp spines.
                  | [demonic ancestry]
  2591 | D:3      | Reached XP level 6. HP: 36/49 MP: 6/6
  2952 | D:3      | Found a faded altar of an unknown god.
  2994 | D:3      | Found a shattered altar of Ashenzari.
  3901 | D:4      | Found a runed translucent door.
  3912 | D:4      | Noticed Xplodonator's ghost (amateur DENe)
  3936 | D:4      | Reached skill level 5 in Long Blades
  3940 | D:4      | Found a runed translucent door.
  4234 | D:4      | Gained mutation: You are mostly covered in rugged brown
                  | scales. (AC +2, +5% HP) [demonic ancestry]
  4234 | D:4      | Reached XP level 7. HP: 47/57 MP: 7/7
  4245 | D:4      | Killed Xplodonator's ghost
  4424 | D:5      | Entered Level 5 of the Dungeon
  4525 | D:5      | Got a shimmering helmet
  4536 | D:5      | Identified the +2 helmet of the Unbroken {*Slow rElec rPois
                  | Regen+} (You found it on level 5 of the Dungeon)
  4590 | D:5      | Noticed Menkaure
  4605 | D:5      | Killed Menkaure
  4605 | D:5      | Reached skill level 5 in Fighting
  4730 | D:5      | Found Xotinurgh's Weapon Boutique.
  4922 | D:5      | Noticed Blork the orc
  4940 | D:5      | Killed Blork the orc
  4970 | D:5      | Noticed Sigmund
  4974 | D:5      | Reached skill level 6 in Long Blades
  4977 | D:5      | Killed Sigmund
  4977 | D:5      | Reached skill level 5 in Shields
  4977 | D:5      | Gained mutation: You are significantly more attuned to the
                  | shadows. [demonic ancestry]
  4977 | D:5      | Reached XP level 8. HP: 66/66 MP: 8/8
  5328 | D:6      | Reached skill level 1 in Stealth
  5359 | D:5      | Reached skill level 7 in Long Blades
  5883 | D:6      | Noticed Edmund
  5932 | D:6      | Killed Edmund
  6216 | D:6      | Found a basalt altar of Yredelemnul.
  6356 | D:6      | Reached XP level 9. HP: 36/74 MP: 9/9
  6708 | D:7      | Reached skill level 8 in Long Blades
  6856 | D:7      | Found Luitoak's Antique Weapon Emporium.
  6862 | D:7      | Bought a glowing long sword for 182 gold pieces
  7343 | D:6      | Found a staircase to the Ecumenical Temple.
  7348 | Temple   | Entered the Ecumenical Temple
  7481 | Temple   | Became a worshipper of Warmaster Okawaru
  7911 | D:8      | Found Mimpegowu's Jewellery Boutique.
  8483 | D:9      | Reached * piety under Okawaru
  8566 | D:9      | Reached skill level 9 in Long Blades
  8691 | D:9      | Reached XP level 10. HP: 82/82 MP: 10/10
  8763 | D:9      | Found a snail-covered altar of Cheibriados.
  8784 | D:9      | Got a smelly ring mail
  8807 | D:9      | Identified the +1 ring mail of the Five Coins {rN+ MR+
                  | rCorr Str-3 Dex+9} (You found it on level 9 of the Dungeon)
  8814 | D:9      | Identified a scroll of acquirement
  8857 | D:9      | Reached ** piety under Okawaru
  8866 | D:9      | Reached skill level 1 in Invocations
  9019 | D:9      | Found a blossoming altar of Fedhas.
  9199 | D:9      | Reached skill level 1 in Dodging
  9267 | D:9      | Noticed Grum
  9277 | D:9      | Killed Grum
  9410 | D:9      | Noticed Prince Ribbit
  9416 | D:9      | Killed Prince Ribbit
  9573 | D:10     | Entered Level 10 of the Dungeon
  9597 | D:10     | Found a transporter.
  9597 | D:10     | Noticed runewalsh's ghost (novice OpWz)
  9604 | D:10     | Noticed a death yak
  9617 | D:10     | Killed a death yak
  9617 | D:10     | Reached *** piety under Okawaru
  9729 | D:10     | Reached skill level 10 in Long Blades
  9772 | D:10     | Found Ruzxan's Assorted Antiques.
  9782 | D:10     | Bought 2 scrolls of identify for 92 gold pieces
  9782 | D:10     | Bought an emerald potion for 20 gold pieces
  9782 | D:10     | Bought a sapphire potion for 20 gold pieces
  9782 | D:10     | Bought a twisted jade amulet for 115 gold pieces
  9957 | D:10     | Noticed a death yak
  9958 | D:10     | Noticed a death yak
  9978 | D:10     | Killed a death yak
 10015 | D:10     | Killed a death yak
 10015 | D:10     | Reached **** piety under Okawaru
 10015 | D:10     | Gained mutation: You have a pair of small antennae on your
                  | head. [demonic ancestry]
 10015 | D:10     | Reached XP level 11. HP: 56/91 MP: 14/14
 10083 | D:10     | Found a staircase to the Lair.
 10138 | D:10     | Noticed a two-headed ogre
 10141 | D:10     | Killed a two-headed ogre
 10367 | D:10     | Found a transporter.
 10726 | D:11     | Reached skill level 5 in Invocations
 10756 | D:11     | Reached ***** piety under Okawaru
 10894 | D:11     | Noticed an unseen horror
 10901 | D:11     | Killed an unseen horror
 10941 | D:11     | Found a runed translucent door.
 11075 | D:11     | Noticed a skeletal warrior
 11075 | D:11     | Noticed a skeletal warrior
 11077 | D:11     | Noticed a skeletal warrior
 11078 | D:11     | Noticed a skeletal warrior
 11080 | D:11     | Reached skill level 5 in Armour
 11096 | D:11     | Killed a skeletal warrior
 11096 | D:11     | Reached skill level 11 in Long Blades
 11109 | D:11     | Slain by a skeletal warrior

Skill      XL: |  1  2  3  4  5  6  7  8  9 10 11 |
---------------+----------------------------------+-----
Long Blades    | 2 3 4 5 6 7 9 10 11 | 11.0
Shields        | 3 4 5 6 |  6.8
Fighting       | 4 5 6 7 8 |  8.9
Stealth        | 2 4 |  4.8
Invocations    | 4 6 |  6.0
Dodging        | 3 4 |  4.2
Armour         | 4 5 |  5.1

Action                   |  1- 3 |  4- 6 |  7- 9 | 10-12 || total
-------------------------+-------+-------+-------+-------++-------
Melee: Long sword        |   102 |   165 |   314 |    13 ||   594
       Great sword       |       |       |       |   186 ||   186
Throw: Dart              |       |       |     2 |    12 ||    14
  Use: Scroll            |       |       |     4 |    21 ||    25
       Potion            |       |       |     1 |       ||     1
 Stab: Sleeping          |       |     1 |    13 |     8 ||    22
       Distracted        |       |       |     3 |       ||     3
  Eat: Chunk             |     1 |    10 |    15 |    11 ||    37
       Ration            |       |       |       |     1 ||     1
Armor: Scale mail        |    75 |   104 |   191 |    43 ||   413
       Steam dragon scal |       |       |       |    44 ||    44
Dodge: Dodged            |    79 |    67 |   164 |   192 ||   502
       Rpst.: Long sword |    28 |    19 |    51 |       ||    98
       Great sword       |       |       |       |    54 ||    54
